Canucks vs Sabres
Created - 20 février 2014 at 19:03
Goals
|
| Canucks |
1 |
0 |
0 |
1 |
| Sabres |
2 |
4 |
0 |
6 |
|
Shots
|
| Canucks |
14 |
9 |
4 |
27 |
| Sabres |
14 |
16 |
6 |
36 |
|
1st period
1. Canucks , Clarke MacArthur 21 (Jiri Hudler) at 8:20
2. Sabres , Steve Downie 16 (Mats Sundin, Johnny Boychuk) at 9:42
3. Sabres , James Neal 14 (Dominic Moore, Peter Prucha) at 11:17
Penalties :
Ryan Hollweg (Buf) for Tripping (Minor) at 3:38
2nd period
4. Sabres , Derick Brassard 12 (Jason Smith, Ole-Kristian Tollefsen) at 2:16
5. Sabres , Richard Zednik 6 (Curtis Glencross, Boyd Devereaux) at 8:24
6. Sabres , Derick Brassard 13 (Ryan Hollweg, Niclas Bergfors) at 14:34
7. Sabres , Derick Brassard 14 (Niclas Bergfors, Ole-Kristian Tollefsen) at 19:37
Penalties :
Brett Lebda (Van) for Holding (Minor) at 10:38
3rd period
No Goal
Penalties :
Peter Prucha (Buf) for Roughing (Minor) at 7:04, Ryan Hollweg (Buf) for Goalie Interference (Minor) at 14:28, Nathan Paetsch (Buf) for High sticking (Minor) at 16:46, Johnny Boychuk (Buf) for Tripping (Minor) at 19:45
Goalie Stats
Carey Price (Van), 17 saves from 19 shots - (0,895), 31:36 minutes
José Theodore (Van), 13 saves from 17 shots - (0,765), L, 3-5-1, 28:24 minutes
Ty Conklin (Buf), 26 saves from 27 shots - (0,963), W, 11-13-2, 60:00 minutes
Players Stats for Canucks
Player Name G A P +/- PIM S H SB GA TA FO MP PP MP PK MP
------------------------------------------------------------------------------------
Brent Sopel 0 0 0 -2 0 0 0 1 0 0 0/0 19:39 3:14 1:10
Brett Lebda 0 0 0 -2 2 0 0 0 0 1 0/0 13:13 0:00 0:00
Clarke MacArthur 1 0 1 1 0 4 1 2 0 0 0/1 19:16 3:28 0:50
David Jones 0 0 0 -1 0 2 1 0 1 0 0/1 14:11 0:12 0:29
Derian Hatcher 0 0 0 -2 0 1 3 2 0 0 0/0 18:59 3:14 1:10
Erik Christensen 0 0 0 -2 0 2 0 0 0 0 2/4 7:35 0:00 0:00
Fabian Brunnstrom 0 0 0 -2 0 2 1 0 1 1 0/1 14:22 0:23 0:00
Jaromir Jagr 0 0 0 -4 0 2 0 1 0 1 1/4 25:17 4:22 1:09
Jeremy Williams 0 0 0 -2 0 0 0 0 0 0 0/0 7:35 0:00 0:00
Jiri Hudler 0 1 1 1 0 4 0 0 0 0 7/13 18:02 3:28 0:00
Joe Callahan 0 0 0 -2 0 0 0 0 1 0 0/0 12:54 0:00 0:00
Mark Streit 0 0 0 -1 0 2 3 2 1 0 0/0 27:27 4:56 0:49
Matt Stajan 0 0 0 -3 0 4 1 0 0 0 15/32 19:48 4:27 0:22
Peter Worrell 0 0 0 -3 0 1 2 0 2 0 1/2 20:34 4:27 1:08
Ryan Getzlaf 0 0 0 -1 0 1 2 0 1 0 4/8 12:59 0:15 0:00
Scott Niedermayer 0 0 0 -1 0 0 1 1 1 0 0/0 24:03 4:56 0:49
Taylor Chorney 0 0 0 0 0 0 0 0 0 0 0/0 4:04 0:00 0:00
Zigmund Palffy 0 0 0 1 0 2 2 0 0 1 0/0 18:02 3:28 0:00
Players Stats for Sabres
Player Name G A P +/- PIM S H SB GA TA FO MP PP MP PK MP
------------------------------------------------------------------------------------
Boyd Devereaux 0 1 1 1 0 2 0 0 0 0 2/3 11:17 0:00 3:01
Craig Rivet 0 0 0 2 0 1 3 2 0 0 0/0 22:36 1:19 3:18
Curtis Glencross 0 1 1 1 0 1 1 0 0 0 1/1 10:15 0:00 1:54
Derick Brassard 3 0 3 3 0 4 1 1 0 0 11/29 18:36 1:02 0:13
Dominic Moore 0 1 1 1 0 3 1 0 0 0 9/14 14:43 0:00 4:23
James Neal 1 0 1 1 0 3 0 1 0 0 0/1 11:14 1:02 0:00
Jason Smith 0 1 1 2 0 3 2 3 1 2 0/0 25:07 0:40 4:52
Johnny Boychuk 0 1 1 2 2 0 2 1 0 3 0/0 22:35 1:19 3:18
Kyle Calder 0 0 0 0 0 1 1 1 0 0 1/1 13:54 0:00 0:00
Ladislav Smid 0 0 0 1 0 0 0 1 0 0 0/0 12:17 0:00 0:00
Mats Sundin 0 1 1 0 0 2 0 0 0 0 9/13 19:23 0:57 4:24
Nathan Paetsch 0 0 0 1 2 2 1 1 0 0 0/0 12:27 0:00 0:00
Niclas Bergfors 0 2 2 3 0 3 1 0 0 2 1/2 18:18 1:02 0:00
Ole-Kristian Tollefsen 0 2 2 2 0 1 1 1 0 1 0/0 25:07 0:40 4:52
Peter Prucha 0 1 1 1 2 3 1 0 1 0 0/0 10:19 0:00 0:00
Richard Zednik 1 0 1 1 0 2 0 0 0 0 0/0 7:42 0:00 0:00
Ryan Hollweg 0 1 1 3 4 2 2 0 1 0 0/0 18:39 0:57 0:00
Steve Downie 1 0 1 0 0 3 1 0 1 0 2/2 17:16 0:57 2:25
3 Stars
1 - Derick Brassard (Buf)
2 - Ty Conklin (Buf)
3 - Niclas Bergfors (Buf)
Power Play
Canucks - 0 on 5 Attempt(s) - 0,00%
Sabres - 0 on 1 Attempt(s) - 0,00%
Penalty Kill
Canucks - 1 on 1 Attempt(s) - 100,00%
- Score 0 goal in Penalty Kill
Sabres - 5 on 5 Attempt(s) - 100,00%
- Score 0 goal in Penalty Kill
Official
Referees : Jackson Dave and L'Ecuyer Frederick
Linesman : Ryan Galloway and Mark Wheler
Game Notes
Carey Price enters game at 8:24 of 2nd period
Derick Brassard has scored a Hat Trick!
Finance
Level 1 -- Attendance: 5716 (95,27%) -- Ticket Income 445 848 $
Level 2 -- Attendance: 4270 (85,40%) -- Ticket Income 200 690 $
Level 3 -- Attendance: 1693 (84,65%) -- Ticket Income 52 483 $
Level 4 -- Attendance: 3300 (82,50%) -- Ticket Income 59 400 $
Luxury Box -- Attendance: 883 (88,30%) -- Ticket Income 134 216 $
Game was played at the Duff Garden
Total Attendance: 15862 (88,12%)
Total Ticket Income: 892 637 $
Other Income: 133 896 $
Total Income: 1 026 533 $
Canucks
5 vs 5 Forward
Center Left Wing Right Wing Time % Phy DF OF
1 Matt Stajan Peter Worrell Jaromir Jagr 40 1 2 2
2 Jiri Hudler Clarke MacArthur Zigmund Palffy 30 1 2 2
3 Ryan Getzlaf Fabian Brunnstrom David Jones 20 1 2 2
4 Erik Christensen Jaromir Jagr Jeremy Williams 10 1 2 2
5 vs 5 Defense
Defense Defense Time % Phy DF OF
1 Mark Streit Scott Niedermayer 40 1 2 2
2 Brent Sopel Derian Hatcher 30 1 2 2
3 Joe Callahan Brett Lebda 20 1 2 2
4 Taylor Chorney Mark Streit 10 1 2 2
PowerPlay Forward
Center Left Wing Right Wing Time % Phy DF OF
1 Matt Stajan Peter Worrell Jaromir Jagr 60 1 2 2
2 Jiri Hudler Clarke MacArthur Zigmund Palffy 40 1 2 2
PowerPlay Defense
Defense Defense Time % Phy DF OF
1 Mark Streit Scott Niedermayer 60 1 2 2
2 Brent Sopel Derian Hatcher 40 1 2 2
Penalty Kill 4 Players Forward
Center Wing Time % Phy DF OF
1 Jaromir Jagr Peter Worrell 60 1 2 2
2 Clarke MacArthur Matt Stajan 40 1 2 2
Penalty Kill 4 Players Defense
Defense Defense Time % Phy DF OF
1 Mark Streit Scott Niedermayer 60 1 2 2
2 Brent Sopel Derian Hatcher 40 1 2 2
Penalty Kill - 3 Players Forward
Forward Time % Phy DF OF
1 Jaromir Jagr 60 1 2 2
2 Peter Worrell 40 1 2 2
Penalty Kill - 3 Players Defense
Defense Defense Time % Phy DF OF
1 Mark Streit Scott Niedermayer 60 1 2 2
2 Brent Sopel Derian Hatcher 40 1 2 2
4 vs 4 Forward
Center Wing Time % Phy DF OF
1 Jaromir Jagr Peter Worrell 60 1 2 2
2 Clarke MacArthur Matt Stajan 40 1 2 2
4 vs 4 Defense
Defense Defense Time % Phy DF OF
1 Mark Streit Scott Niedermayer 60 1 2 2
2 Brent Sopel Derian Hatcher 40 1 2 2
Last Minutes Offensive
Center Left Wing Right Wing Defense Defense
Matt Stajan Peter Worrell Jaromir Jagr Mark Streit Scott Niedermayer
Last Minutes Defensive
Center Left Wing Right Wing Defense Defense
Matt Stajan Peter Worrell Jaromir Jagr Mark Streit Scott Niedermayer
Goaltenders
Starting : José Theodore
Backup : Carey Price
Extra Forwards
Normal : Fabian Brunnstrom, Ryan Getzlaf, David Jones - PP : Fabian Brunnstrom, Ryan Getzlaf - PK : David Jones
Extra Defensemen
Normal : Joe Callahan, Brett Lebda, Taylor Chorney - PP : Joe Callahan - PK : Brett Lebda, Taylor Chorney
Penalty Shots
Jaromir Jagr, Peter Worrell, Clarke MacArthur, Matt Stajan, Fabian Brunnstrom
Sabres
5 vs 5 Forward
Center Left Wing Right Wing Time % Phy DF OF
1 Derick Brassard Ryan Hollweg Niclas Bergfors 40 1 2 2
2 Mats Sundin Kyle Calder Steve Downie 30 1 3 1
3 Dominic Moore James Neal Peter Prucha 20 1 3 1
4 Boyd Devereaux Curtis Glencross Richard Zednik 10 1 3 1
5 vs 5 Defense
Defense Defense Time % Phy DF OF
1 Ole-Kristian Tollefsen Jason Smith 35 1 3 1
2 Johnny Boychuk Craig Rivet 35 1 3 1
3 Ladislav Smid Nathan Paetsch 20 1 3 1
4 Ole-Kristian Tollefsen Jason Smith 10 1 1 3
PowerPlay Forward
Center Left Wing Right Wing Time % Phy DF OF
1 Derick Brassard James Neal Niclas Bergfors 60 0 1 4
2 Mats Sundin Ryan Hollweg Steve Downie 40 2 0 3
PowerPlay Defense
Defense Defense Time % Phy DF OF
1 Johnny Boychuk Craig Rivet 60 1 1 3
2 Ole-Kristian Tollefsen Jason Smith 40 1 1 3
Penalty Kill 4 Players Forward
Center Wing Time % Phy DF OF
1 Dominic Moore Mats Sundin 60 1 3 1
2 Boyd Devereaux Steve Downie 40 1 4 0
Penalty Kill 4 Players Defense
Defense Defense Time % Phy DF OF
1 Ole-Kristian Tollefsen Jason Smith 60 1 4 0
2 Johnny Boychuk Craig Rivet 40 1 4 0
Penalty Kill - 3 Players Forward
Forward Time % Phy DF OF
1 Dominic Moore 60 0 5 0
2 Boyd Devereaux 40 0 5 0
Penalty Kill - 3 Players Defense
Defense Defense Time % Phy DF OF
1 Ole-Kristian Tollefsen Jason Smith 60 1 4 0
2 Johnny Boychuk Craig Rivet 40 1 4 0
4 vs 4 Forward
Center Wing Time % Phy DF OF
1 Boyd Devereaux Niclas Bergfors 60 0 3 2
2 Dominic Moore Steve Downie 40 1 3 1
4 vs 4 Defense
Defense Defense Time % Phy DF OF
1 Johnny Boychuk Craig Rivet 60 1 3 1
2 Ole-Kristian Tollefsen Jason Smith 40 1 3 1
Last Minutes Offensive
Center Left Wing Right Wing Defense Defense
Derick Brassard Mats Sundin Niclas Bergfors Ole-Kristian Tollefsen Jason Smith
Last Minutes Defensive
Center Left Wing Right Wing Defense Defense
Dominic Moore Boyd Devereaux Mats Sundin Ole-Kristian Tollefsen Jason Smith
Goaltenders
Starting : Ty Conklin
Backup : Mike Brodeur
Extra Forwards
Normal : Niclas Bergfors, Ryan Hollweg, Dominic Moore - PP : Kyle Calder, Peter Prucha - PK : Steve Downie
Extra Defensemen
Normal : Nathan Paetsch, Ladislav Smid, Johnny Boychuk - PP : Nathan Paetsch - PK : Ladislav Smid, Nathan Paetsch
Penalty Shots
Peter Prucha, Niclas Bergfors, Mats Sundin, Dominic Moore, Boyd Devereaux
% Time on Ice - Canucks
Lines # - Real PCT - Wanted PCT - Time Play
Normal Forward
1 - 31% - 40% - 15:39
2 - 29% - 30% - 14:34
3 - 24% - 20% - 12:03
4 - 15% - 10% - 7:35
Normal Defense
1 - 37% - 40% - 18:18
2 - 29% - 30% - 14:35
3 - 26% - 20% - 12:54
4 - 8% - 10% - 4:04
PP Forward
1 - 58% - 60% - 4:42
2 - 42% - 40% - 3:28
PP Defense
1 - 60% - 60% - 4:56
2 - 40% - 40% - 3:14
PK Forward
1 - 82% - 60% - 1:37
2 - 18% - 40% - 0:22
PK Defense
1 - 41% - 60% - 0:49
2 - 59% - 40% - 1:10
PK3 Forward
1 - 0% - 60%
2 - 0% - 40%
PK3 Defense
1 - 0% - 60%
2 - 0% - 40%
44 Forward
1 - 0% - 60%
2 - 0% - 40%
44 Defense
1 - 0% - 60%
2 - 0% - 40%
Last Minute Offensive - 0:00
Last Minute Defensive - 0:00
Total
Forward - 60:00
Defense - 60:00
|
% Time on Ice - Sabres
Lines # - Real PCT - Wanted PCT - Time Play
Normal Forward
1 - 36% - 40% - 18:03
2 - 28% - 30% - 13:54
3 - 20% - 20% - 10:12
4 - 15% - 10% - 7:42
Normal Defense
1 - 32% - 35% - 15:49
2 - 38% - 35% - 19:03
3 - 25% - 20% - 12:17
4 - 5% - 10% - 2:42
PP Forward
1 - 52% - 60% - 1:02
2 - 48% - 40% - 0:57
PP Defense
1 - 66% - 60% - 1:19
2 - 34% - 40% - 0:40
PK Forward
1 - 79% - 60% - 6:27
2 - 21% - 40% - 1:43
PK Defense
1 - 60% - 60% - 4:52
2 - 40% - 40% - 3:18
PK3 Forward
1 - 0% - 60%
2 - 0% - 40%
PK3 Defense
1 - 0% - 60%
2 - 0% - 40%
44 Forward
1 - 0% - 60%
2 - 0% - 40%
44 Defense
1 - 0% - 60%
2 - 0% - 40%
Last Minute Offensive - 0:00
Last Minute Defensive - 0:00
Total
Forward - 60:00
Defense - 60:00
|
Play by Play
1st period
0:01 of 1st period - Derick Brassard wins face-off versus Matt Stajan in neutral zone.
0:03 of 1st period - Ole-Kristian Tollefsen is hit by Mark Streit and loses puck.
1:59 of 1st period - Snap shot by Richard Zednik.
1:59 of 1st period - Stopped by José Theodore with a rebound.
2:21 of 1st period - Wrist shot by Dominic Moore.
2:21 of 1st period - Stopped by José Theodore without a rebound.
2:22 of 1st period - Jiri Hudler wins face-off versus Dominic Moore in Canucks zone.
2:24 of 1st period - Icing by Mark Streit.
2:25 of 1st period - Jiri Hudler wins face-off versus James Neal in Canucks zone.
2:40 of 1st period - Slapshot by Peter Prucha.
2:40 of 1st period - Stopped by José Theodore without a rebound.
2:41 of 1st period - Matt Stajan wins face-off versus Derick Brassard in Canucks zone.
2:48 of 1st period - Slapshot by Mark Streit.
2:48 of 1st period - Deflect By Matt Stajan.
2:48 of 1st period - Stopped by Ty Conklin without a rebound.
2:49 of 1st period - Niclas Bergfors wins face-off versus Jaromir Jagr in Sabres zone.
3:00 of 1st period - Snap shot by Jaromir Jagr.
3:00 of 1st period - Stopped by Ty Conklin with a rebound.
3:05 of 1st period - Off-side.
3:06 of 1st period - Mats Sundin wins face-off versus Jiri Hudler in neutral zone.
3:17 of 1st period - Wrist shot by Clarke MacArthur.
3:17 of 1st period - Shot Misses the Net.
3:19 of 1st period - Wrist shot by Jiri Hudler.
3:19 of 1st period - Stopped by Ty Conklin without a rebound.
3:20 of 1st period - Matt Stajan wins face-off versus Niclas Bergfors in Sabres zone.
3:21 of 1st period - Snap shot by Jaromir Jagr.
3:21 of 1st period - Shot Misses the Net.
3:23 of 1st period - Snap shot by Peter Worrell.
3:23 of 1st period - Stopped by Ty Conklin without a rebound.
3:24 of 1st period - Matt Stajan wins face-off versus Derick Brassard in Sabres zone.
3:38 of 1st period - Minor Penalty to Ryan Hollweg for Tripping.
3:39 of 1st period - Dominic Moore wins face-off versus Matt Stajan in Sabres zone.
4:17 of 1st period - Steve Downie is hit by Clarke MacArthur and loses puck.
4:32 of 1st period - Craig Rivet is hit by Scott Niedermayer and loses puck.
5:38 of 1st period - Penalty to Ryan Hollweg is over, Ryan Hollweg is back on ice.
6:31 of 1st period - Snap shot by Mats Sundin.
6:31 of 1st period - Stopped by José Theodore without a rebound.
6:32 of 1st period - Kyle Calder wins face-off versus Jiri Hudler in Canucks zone.
6:49 of 1st period - Snap shot by Mats Sundin.
6:49 of 1st period - Stopped by José Theodore without a rebound.
6:50 of 1st period - Dominic Moore wins face-off versus Ryan Getzlaf in Canucks zone.
7:34 of 1st period - Icing by Jason Smith.
7:35 of 1st period - Mats Sundin wins face-off versus Matt Stajan in Sabres zone.
7:44 of 1st period - Wrist shot by Matt Stajan.
7:44 of 1st period - Stopped by Ty Conklin without a rebound.
7:45 of 1st period - Matt Stajan wins face-off versus Derick Brassard in Sabres zone.
7:52 of 1st period - Snap shot by Niclas Bergfors.
7:52 of 1st period - Stopped by José Theodore without a rebound.
7:53 of 1st period - Derick Brassard wins face-off versus Matt Stajan in Canucks zone.
8:03 of 1st period - Wrist shot by Matt Stajan.
8:03 of 1st period - Shot Blocked by Craig Rivet.
8:09 of 1st period - Snap shot by Jaromir Jagr.
8:09 of 1st period - Shot Misses the Net.
8:16 of 1st period - Icing by Johnny Boychuk.
8:17 of 1st period - Jiri Hudler wins face-off versus Mats Sundin in Sabres zone.
8:20 of 1st period - Wrist shot by Clarke MacArthur.
8:20 of 1st period - Goal by Clarke MacArthur - Canucks : 1 - Sabres : 0.
8:21 of 1st period - Derick Brassard wins face-off versus Matt Stajan in neutral zone.
8:53 of 1st period - Icing by Zigmund Palffy.
8:54 of 1st period - Boyd Devereaux wins face-off versus Jiri Hudler in Canucks zone.
9:05 of 1st period - Backhand shot by Mark Streit.
9:05 of 1st period - Shot Blocked by Ladislav Smid.
9:07 of 1st period - Slapshot by Clarke MacArthur.
9:07 of 1st period - Deflect By Jiri Hudler.
9:07 of 1st period - Stopped by Ty Conklin with a rebound.
9:23 of 1st period - Snap shot by Clarke MacArthur.
9:23 of 1st period - Stopped by Ty Conklin without a rebound.
9:24 of 1st period - Steve Downie wins face-off versus Matt Stajan in Sabres zone.
9:29 of 1st period - Snap shot by Steve Downie.
9:29 of 1st period - Shot Misses the Net.
9:40 of 1st period - Slapshot by Steve Downie.
9:40 of 1st period - Stopped by José Theodore with a rebound.
9:42 of 1st period - Snap shot by Steve Downie.
9:42 of 1st period - Goal by Steve Downie - Canucks : 1 - Sabres : 1.
9:43 of 1st period - Derick Brassard wins face-off versus Fabian Brunnstrom in neutral zone.
9:46 of 1st period - Fabian Brunnstrom is hit by Jason Smith and loses puck.
9:53 of 1st period - Slapshot by Derian Hatcher.
9:53 of 1st period - Stopped by Ty Conklin without a rebound.
9:54 of 1st period - Dominic Moore wins face-off versus Matt Stajan in Sabres zone.
10:02 of 1st period - Icing by Dominic Moore.
10:03 of 1st period - Matt Stajan wins face-off versus Dominic Moore in Sabres zone.
10:16 of 1st period - Snap shot by Peter Prucha.
10:16 of 1st period - Stopped by José Theodore with a rebound.
10:18 of 1st period - Wrist shot by Dominic Moore.
10:18 of 1st period - Stopped by José Theodore without a rebound.
10:19 of 1st period - Ryan Getzlaf wins face-off versus Derick Brassard in Canucks zone.
11:08 of 1st period - Jaromir Jagr is hit by Dominic Moore and loses puck.
11:17 of 1st period - Wrist shot by James Neal.
11:17 of 1st period - Goal by James Neal - Canucks : 1 - Sabres : 2.
11:18 of 1st period - Matt Stajan wins face-off versus Derick Brassard in neutral zone.
11:47 of 1st period - Off-side.
11:48 of 1st period - Mats Sundin wins face-off versus Jiri Hudler in neutral zone.
11:59 of 1st period - Kyle Calder is hit by Zigmund Palffy and loses puck.
13:09 of 1st period - Wrist shot by Clarke MacArthur.
13:09 of 1st period - Deflect By Mats Sundin.
13:09 of 1st period - Stopped by Ty Conklin without a rebound.
13:10 of 1st period - Matt Stajan wins face-off versus Derick Brassard in Sabres zone.
13:11 of 1st period - Snap shot by Jaromir Jagr.
13:11 of 1st period - Shot Blocked by Jason Smith.
13:35 of 1st period - Peter Prucha is hit by Derian Hatcher and loses puck.
14:39 of 1st period - Ryan Getzlaf is hit by Peter Prucha and loses puck.
14:57 of 1st period - Snap shot by Ryan Getzlaf.
14:57 of 1st period - Deflect By Jason Smith.
14:57 of 1st period - Shot Blocked by Jason Smith.
14:57 of 1st period - Puck is out of play.
14:58 of 1st period - Matt Stajan wins face-off versus Derick Brassard in Sabres zone.
15:05 of 1st period - Slapshot by Derick Brassard.
15:05 of 1st period - Shot Blocked by Mark Streit.
15:36 of 1st period - Snap shot by Boyd Devereaux.
15:36 of 1st period - Stopped by José Theodore with a rebound.
15:38 of 1st period - Backhand shot by Nathan Paetsch.
15:38 of 1st period - Shot Misses the Net.
15:42 of 1st period - Snap shot by Curtis Glencross.
15:42 of 1st period - Stopped by José Theodore without a rebound.
15:43 of 1st period - Ryan Getzlaf wins face-off versus Derick Brassard in Canucks zone.
15:56 of 1st period - Snap shot by Ryan Getzlaf.
15:56 of 1st period - Shot Misses the Net.
15:58 of 1st period - Slapshot by Mark Streit.
15:58 of 1st period - Stopped by Ty Conklin with a rebound.
16:30 of 1st period - Icing by Ole-Kristian Tollefsen.
16:31 of 1st period - Mats Sundin wins face-off versus Erik Christensen in Sabres zone.
16:58 of 1st period - Niclas Bergfors is hit by Fabian Brunnstrom and loses puck.
17:05 of 1st period - Snap shot by Ryan Hollweg.
17:05 of 1st period - Stopped by José Theodore with a rebound.
17:15 of 1st period - Wrist shot by Curtis Glencross.
17:15 of 1st period - Deflect By Richard Zednik.
17:15 of 1st period - Shot Misses the Net.
17:15 of 1st period - Puck is out of play.
17:16 of 1st period - Boyd Devereaux wins face-off versus Matt Stajan in Canucks zone.
17:42 of 1st period - Zigmund Palffy is hit by Ryan Hollweg and loses puck.
18:05 of 1st period - Wrist shot by Ryan Getzlaf.
18:05 of 1st period - Stopped by Ty Conklin without a rebound.
18:06 of 1st period - Ryan Getzlaf wins face-off versus Mats Sundin in Sabres zone.
18:15 of 1st period - Kyle Calder is hit by David Jones and loses puck.
18:20 of 1st period - Slapshot by David Jones.
18:20 of 1st period - Deflect By Ryan Getzlaf.
18:20 of 1st period - Shot Blocked by Kyle Calder.
18:20 of 1st period - Puck is out of play.
18:21 of 1st period - Derick Brassard wins face-off versus Matt Stajan in Sabres zone.
19:11 of 1st period - Snap shot by Fabian Brunnstrom.
19:11 of 1st period - Stopped by Ty Conklin with a rebound.
19:13 of 1st period - Snap shot by David Jones.
19:13 of 1st period - Stopped by Ty Conklin without a rebound.
19:14 of 1st period - Matt Stajan wins face-off versus Derick Brassard in Sabres zone.
19:47 of 1st period - Snap shot by Jiri Hudler.
19:47 of 1st period - Deflect By Clarke MacArthur.
19:47 of 1st period - Shot Misses the Net.
19:47 of 1st period - Puck is out of play.
19:48 of 1st period - Mats Sundin wins face-off versus Matt Stajan in Sabres zone.
19:55 of 1st period - Mark Streit is hit by Craig Rivet and loses puck.
Goals for this period are 1 for Canucks vs 2 for Sabres.
Shots for this period are 14 for Canucks vs 14 for Sabres.
2nd period
0:01 of 2nd period - Matt Stajan wins face-off versus Derick Brassard in neutral zone.
0:10 of 2nd period - Snap shot by Jaromir Jagr.
0:10 of 2nd period - Stopped by Ty Conklin without a rebound.
0:11 of 2nd period - Derick Brassard wins face-off versus Matt Stajan in Sabres zone.
0:11 of 2nd period - Derick Brassard is hit by Peter Worrell.
0:16 of 2nd period - Off-side.
0:17 of 2nd period - Matt Stajan wins face-off versus Derick Brassard in neutral zone.
0:54 of 2nd period - Matt Stajan is hit by Ryan Hollweg and loses puck.
1:01 of 2nd period - Wrist shot by Derick Brassard.
1:01 of 2nd period - Shot Blocked by Mark Streit.
1:14 of 2nd period - Wrist shot by Scott Niedermayer.
1:14 of 2nd period - Shot Blocked by Derick Brassard.
1:16 of 2nd period - Slapshot by Mark Streit.
1:16 of 2nd period - Shot Misses the Net.
1:18 of 2nd period - Slapshot by Mark Streit.
1:18 of 2nd period - Stopped by Ty Conklin with a rebound.
2:16 of 2nd period - Snap shot by Derick Brassard.
2:16 of 2nd period - Goal by Derick Brassard - Canucks : 1 - Sabres : 3.
2:17 of 2nd period - Mats Sundin wins face-off versus Jiri Hudler in neutral zone.
2:29 of 2nd period - Off-side.
2:30 of 2nd period - Mats Sundin wins face-off versus Clarke MacArthur in neutral zone.
2:32 of 2nd period - Johnny Boychuk is hit by Derian Hatcher and loses puck.
2:35 of 2nd period - Snap shot by Steve Downie.
2:35 of 2nd period - Shot Misses the Net.
2:57 of 2nd period - Dominic Moore is hit by Ryan Getzlaf and loses puck.
3:06 of 2nd period - Wrist shot by David Jones.
3:06 of 2nd period - Shot Misses the Net.
4:06 of 2nd period - Jaromir Jagr is hit by Steve Downie.
6:36 of 2nd period - Joe Callahan is hit by Niclas Bergfors and loses puck.
6:50 of 2nd period - Icing by Derick Brassard.
6:51 of 2nd period - Erik Christensen wins face-off versus Mats Sundin in Sabres zone.
7:18 of 2nd period - Wrist shot by Zigmund Palffy.
7:18 of 2nd period - Stopped by Ty Conklin with a rebound.
7:36 of 2nd period - Snap shot by Niclas Bergfors.
7:36 of 2nd period - Stopped by José Theodore without a rebound.
7:37 of 2nd period - Derick Brassard wins face-off versus Matt Stajan in Canucks zone.
7:44 of 2nd period - Niclas Bergfors is hit by Mark Streit and loses puck.
8:01 of 2nd period - James Neal is hit by Zigmund Palffy and loses puck.
8:24 of 2nd period - Snap shot by Curtis Glencross.
8:24 of 2nd period - Deflect By Richard Zednik.
8:24 of 2nd period - Goal by Richard Zednik - Canucks : 1 - Sabres : 4.
8:24 of 2nd period - Carey Price enters game.
8:25 of 2nd period - Peter Worrell wins face-off versus Derick Brassard in neutral zone.
8:35 of 2nd period - Wrist shot by Matt Stajan.
8:35 of 2nd period - Stopped by Ty Conklin with a rebound.
8:39 of 2nd period - Slapshot by Jaromir Jagr.
8:39 of 2nd period - Shot Hit the Post.
8:41 of 2nd period - Slapshot by Matt Stajan.
8:41 of 2nd period - Shot Blocked by Johnny Boychuk.
8:51 of 2nd period - Wrist shot by Fabian Brunnstrom.
8:51 of 2nd period - Stopped by Ty Conklin without a rebound.
8:52 of 2nd period - Mats Sundin wins face-off versus Ryan Getzlaf in Sabres zone.
9:25 of 2nd period - Wrist shot by James Neal.
9:25 of 2nd period - Shot Blocked by Brent Sopel.
9:27 of 2nd period - Slapshot by Ole-Kristian Tollefsen.
9:27 of 2nd period - Deflect By Dominic Moore.
9:27 of 2nd period - Stopped by Carey Price with a rebound.
9:29 of 2nd period - Wrist shot by James Neal.
9:29 of 2nd period - Stopped by Carey Price without a rebound.
9:30 of 2nd period - Jiri Hudler wins face-off versus Derick Brassard in Canucks zone.
10:16 of 2nd period - Off-side.
10:17 of 2nd period - Dominic Moore wins face-off versus Ryan Getzlaf in neutral zone.
10:38 of 2nd period - Minor Penalty to Brett Lebda for Holding.
10:39 of 2nd period - Jaromir Jagr wins face-off versus Derick Brassard in Canucks zone.
10:39 of 2nd period - Jaromir Jagr is hit by Johnny Boychuk.
10:53 of 2nd period - Scott Niedermayer is hit by Johnny Boychuk and loses puck.
11:58 of 2nd period - Icing by Johnny Boychuk.
11:59 of 2nd period - Derick Brassard wins face-off versus David Jones in Sabres zone.
11:59 of 2nd period - Derick Brassard is hit by Derian Hatcher.
12:38 of 2nd period - Penalty to Brett Lebda is over, Brett Lebda is back on ice.
12:46 of 2nd period - Slapshot by Jaromir Jagr.
12:46 of 2nd period - Shot Misses the Net.
13:09 of 2nd period - Wrist shot by Jiri Hudler.
13:09 of 2nd period - Shot Blocked by James Neal.
13:21 of 2nd period - Wrist shot by Peter Prucha.
13:21 of 2nd period - Shot Blocked by Scott Niedermayer.
13:39 of 2nd period - Snap shot by Ryan Hollweg.
13:39 of 2nd period - Stopped by Carey Price with a rebound.
13:41 of 2nd period - Slapshot by Jason Smith.
13:41 of 2nd period - Stopped by Carey Price without a rebound.
13:42 of 2nd period - Erik Christensen wins face-off versus Boyd Devereaux in Canucks zone.
13:55 of 2nd period - Wrist shot by Erik Christensen.
13:55 of 2nd period - Stopped by Ty Conklin with a rebound.
14:03 of 2nd period - Snap shot by Erik Christensen.
14:03 of 2nd period - Stopped by Ty Conklin with a rebound.
14:34 of 2nd period - Snap shot by Derick Brassard.
14:34 of 2nd period - Goal by Derick Brassard - Canucks : 1 - Sabres : 5.
14:35 of 2nd period - Mats Sundin wins face-off versus Matt Stajan in neutral zone.
14:41 of 2nd period - Snap shot by Steve Downie.
14:41 of 2nd period - Stopped by Carey Price with a rebound.
14:43 of 2nd period - Slapshot by Ole-Kristian Tollefsen.
14:43 of 2nd period - Deflect By Mats Sundin.
14:43 of 2nd period - Shot Misses the Net.
14:43 of 2nd period - Puck is out of play.
14:44 of 2nd period - Steve Downie wins face-off versus Peter Worrell in Canucks zone.
15:15 of 2nd period - Wrist shot by Kyle Calder.
15:15 of 2nd period - Stopped by Carey Price without a rebound.
15:16 of 2nd period - Jiri Hudler wins face-off versus Derick Brassard in Canucks zone.
15:25 of 2nd period - Snap shot by Derick Brassard.
15:25 of 2nd period - Deflect By Niclas Bergfors.
15:25 of 2nd period - Stopped by Carey Price with a rebound.
15:27 of 2nd period - Wrist shot by Niclas Bergfors.
15:27 of 2nd period - Shot Misses the Net.
15:29 of 2nd period - Slapshot by Craig Rivet.
15:29 of 2nd period - Shot Blocked by Clarke MacArthur.
15:31 of 2nd period - Snap shot by Craig Rivet.
15:31 of 2nd period - Stopped by Carey Price with a rebound.
15:56 of 2nd period - Wrist shot by Jiri Hudler.
15:56 of 2nd period - Deflect By Zigmund Palffy.
15:56 of 2nd period - Stopped by Ty Conklin with a rebound.
16:10 of 2nd period - Snap shot by Dominic Moore.
16:10 of 2nd period - Shot Misses the Net.
16:12 of 2nd period - Slapshot by Jason Smith.
16:12 of 2nd period - Stopped by Carey Price without a rebound.
16:13 of 2nd period - Derick Brassard wins face-off versus Jaromir Jagr in Canucks zone.
16:28 of 2nd period - Peter Worrell is hit by Ole-Kristian Tollefsen and loses puck.
17:22 of 2nd period - Brent Sopel is hit by Curtis Glencross.
17:41 of 2nd period - Mark Streit is hit by Craig Rivet and loses puck.
17:52 of 2nd period - Wrist shot by Niclas Bergfors.
17:52 of 2nd period - Shot Blocked by Clarke MacArthur.
18:02 of 2nd period - Wrist shot by Scott Niedermayer.
18:02 of 2nd period - Shot Blocked by Craig Rivet.
18:04 of 2nd period - Snap shot by David Jones.
18:04 of 2nd period - Shot Hit the Post.
18:24 of 2nd period - Johnny Boychuk is hit by Ryan Getzlaf and loses puck.
18:53 of 2nd period - Slapshot by David Jones.
18:53 of 2nd period - Stopped by Ty Conklin without a rebound.
18:54 of 2nd period - Jiri Hudler wins face-off versus Derick Brassard in Sabres zone.
18:59 of 2nd period - Slapshot by Zigmund Palffy.
18:59 of 2nd period - Shot Blocked by Ole-Kristian Tollefsen.
19:01 of 2nd period - Slapshot by Clarke MacArthur.
19:01 of 2nd period - Shot Misses the Net.
19:03 of 2nd period - Wrist shot by Zigmund Palffy.
19:03 of 2nd period - Shot Blocked by Jason Smith.
19:25 of 2nd period - Slapshot by Jason Smith.
19:25 of 2nd period - Stopped by Carey Price with a rebound.
19:27 of 2nd period - Snap shot by Derick Brassard.
19:27 of 2nd period - Shot Misses the Net.
19:29 of 2nd period - Slapshot by Ole-Kristian Tollefsen.
19:29 of 2nd period - Stopped by Carey Price with a rebound.
19:31 of 2nd period - Slapshot by Derick Brassard.
19:31 of 2nd period - Shot Blocked by Derian Hatcher.
19:33 of 2nd period - Slapshot by Ole-Kristian Tollefsen.
19:33 of 2nd period - Shot Blocked by Jaromir Jagr.
19:35 of 2nd period - Wrist shot by Niclas Bergfors.
19:35 of 2nd period - Shot Blocked by Derian Hatcher.
19:37 of 2nd period - Slapshot by Derick Brassard.
19:37 of 2nd period - Goal by Derick Brassard - Canucks : 1 - Sabres : 6.
19:38 of 2nd period - Matt Stajan wins face-off versus Mats Sundin in neutral zone.
19:45 of 2nd period - Slapshot by Matt Stajan.
19:45 of 2nd period - Shot Blocked by Nathan Paetsch.
Goals for this period are 0 for Canucks vs 4 for Sabres.
Shots for this period are 9 for Canucks vs 16 for Sabres.
3rd period
0:01 of 3rd period - Matt Stajan wins face-off versus Derick Brassard in neutral zone.
0:31 of 3rd period - Snap shot by Peter Prucha.
0:31 of 3rd period - Stopped by Carey Price without a rebound.
0:32 of 3rd period - Jiri Hudler wins face-off versus Dominic Moore in Canucks zone.
1:22 of 3rd period - Off-side.
1:23 of 3rd period - Derick Brassard wins face-off versus Matt Stajan in neutral zone.
1:48 of 3rd period - Mats Sundin is hit by Mark Streit.
2:15 of 3rd period - Scott Niedermayer is hit by Nathan Paetsch and loses puck.
3:31 of 3rd period - David Jones is hit by Derick Brassard and loses puck.
4:50 of 3rd period - Taylor Chorney is hit by Kyle Calder and loses puck.
5:32 of 3rd period - Slapshot by Nathan Paetsch.
5:32 of 3rd period - Deflect By Boyd Devereaux.
5:32 of 3rd period - Stopped by Carey Price without a rebound.
5:33 of 3rd period - Curtis Glencross wins face-off versus Erik Christensen in Canucks zone.
5:42 of 3rd period - Wrist shot by Clarke MacArthur.
5:42 of 3rd period - Shot Misses the Net.
6:00 of 3rd period - Boyd Devereaux is hit by Peter Worrell and loses puck.
7:04 of 3rd period - Minor Penalty to Peter Prucha for Roughing.
7:05 of 3rd period - Dominic Moore wins face-off versus Matt Stajan in Sabres zone.
7:34 of 3rd period - Wrist shot by Zigmund Palffy.
7:34 of 3rd period - Shot Misses the Net.
7:36 of 3rd period - Wrist shot by Jiri Hudler.
7:36 of 3rd period - Stopped by Ty Conklin without a rebound.
7:37 of 3rd period - Matt Stajan wins face-off versus Dominic Moore in Sabres zone.
7:42 of 3rd period - Snap shot by Matt Stajan.
7:42 of 3rd period - Stopped by Ty Conklin without a rebound.
7:43 of 3rd period - Dominic Moore wins face-off versus Matt Stajan in Sabres zone.
9:04 of 3rd period - Penalty to Peter Prucha is over, Peter Prucha is back on ice.
12:42 of 3rd period - David Jones is hit by Craig Rivet and loses puck.
12:47 of 3rd period - Wrist shot by James Neal.
12:47 of 3rd period - Stopped by Carey Price with a rebound.
13:25 of 3rd period - Jaromir Jagr is hit by Jason Smith and loses puck.
13:59 of 3rd period - Snap shot by Nathan Paetsch.
13:59 of 3rd period - Stopped by Carey Price without a rebound.
14:00 of 3rd period - Dominic Moore wins face-off versus Ryan Getzlaf in Canucks zone.
14:28 of 3rd period - Minor Penalty to Ryan Hollweg for Goalie Interference.
14:29 of 3rd period - Dominic Moore wins face-off versus Jaromir Jagr in Sabres zone.
15:04 of 3rd period - Wrist shot by Jiri Hudler.
15:04 of 3rd period - Stopped by Ty Conklin with a rebound.
16:28 of 3rd period - Penalty to Ryan Hollweg is over, Ryan Hollweg is back on ice.
16:46 of 3rd period - Minor Penalty to Nathan Paetsch for High sticking.
16:47 of 3rd period - Dominic Moore wins face-off versus Matt Stajan in Sabres zone.
17:22 of 3rd period - Wrist shot by Clarke MacArthur.
17:22 of 3rd period - Stopped by Ty Conklin with a rebound.
17:24 of 3rd period - Slapshot by Clarke MacArthur.
17:24 of 3rd period - Shot Misses the Net.
18:46 of 3rd period - Penalty to Nathan Paetsch is over, Nathan Paetsch is back on ice.
18:48 of 3rd period - Craig Rivet is hit by Matt Stajan.
19:00 of 3rd period - Slapshot by Nathan Paetsch.
19:00 of 3rd period - Shot Misses the Net.
19:02 of 3rd period - Slapshot by Nathan Paetsch.
19:02 of 3rd period - Stopped by Carey Price without a rebound.
19:03 of 3rd period - Ryan Getzlaf wins face-off versus Derick Brassard in Canucks zone.
19:08 of 3rd period - Slapshot by Derick Brassard.
19:08 of 3rd period - Stopped by Carey Price without a rebound.
19:09 of 3rd period - Derick Brassard wins face-off versus Jiri Hudler in Canucks zone.
19:45 of 3rd period - Minor Penalty to Johnny Boychuk for Tripping.
19:46 of 3rd period - Matt Stajan wins face-off versus Dominic Moore in Sabres zone.
Goals for this period are 0 for Canucks vs 0 for Sabres.
Shots for this period are 4 for Canucks vs 6 for Sabres.
Output by the SimonT Hockey Simulator (STHS) for François Prévost -- Original Page W3C XHTML 1.0 Valid